 Dungeon Crawl Stone Soup version 0.30.1-11-g7821555f0a (webtiles) character file.

Game seed: 3225421949420311255

2 nihil the Sneak (level 1, -2/13 HPs)
             Began as a Kobold Brigand on Nov 27, 2023.
             Slain by a quokka (3 damage)
             ... on level 1 of the Dungeon.
             The game lasted 00:03:13 (312 turns).

nihil the Sneak (Kobold Brigand)                     Turns: 312, Time: 00:03:13

Health: -2/13      AC:  3    Str:  8    XL:     1   Next: 33%
Magic:  1/1        EV: 14    Int: 12    God:
Gold:   14         SH:  0    Dex: 16    Spells: 0/0 levels left

rFire   . . .        a - +2 dagger
rCold   . . .        (no shield)
rNeg    . . .        b - +0 robe
rPois   .            (no helmet)
rElec   .            c - +0 cloak
rCorr   .            (no gloves)
SInv    .            (no boots)
Will    .....        (no amulet)
Stlth   ++++         (no ring)
HPRegen 0.22/turn    (no ring)
MPRegen 0.07/turn

%: no passive effects
@: no status effects
A: small, no large weapons, nightstalker 3
a: no special abilities


You were on level 1 of the Dungeon.
You visited 1 branch of the dungeon, and saw 1 of its levels.

You collected 14 gold pieces.

Inventory:

Hand Weapons
 a - a +2 dagger (weapon)
Missiles
 d - 15 poisoned darts (quivered)
 e - 3 curare-tipped darts
Armour
 b - a +0 robe (worn)
 c - a +0 cloak (worn)


   Skills:
 + Level 2.3 Fighting
 + Level 2.6 Short Blades
 + Level 2.1 Throwing
 + Level 1.2 Dodging
 + Level 5.3 Stealth


You couldn't memorise any spells.
You didn't know any spells.
Your spell library was empty.

Dungeon Overview and Level Annotations

Branches:
Dungeon (1/15)

Altars:


Innate Abilities, Weirdness & Mutations

You are small and have problems with some larger weapons.
You are completely attuned to the shadows.


Message History

There is a dry fountain here.
The quokka bites you. The quokka attacks as you move away!
The quokka barely misses you.
A goblin comes into view. It is wielding a +0 dagger.
The quokka bites you.
The goblin moves out of view.
A dart slug comes into view.
Found a pair of boots.
The goblin hits you with a +0 dagger. The quokka attacks as you move away!
The quokka barely misses you.
A giant cockroach and a quokka come into view.
The dart slug bites you but does no damage.
The dart slug launches a dart at you. The slug dart misses you.
The quokka barely misses you. The goblin attacks as you move away!
The goblin closely misses you. The quokka attacks as you move away!
The quokka completely misses you. The quokka bites you.
The quokka attacks as you move away! The quokka barely misses you.
The goblin attacks as you move away! The goblin barely misses you.
The goblin misses you.
Found a robe.
The quokka attacks as you move away! The quokka bites you.
* * * LOW HITPOINT WARNING * * *
The goblin attacks as you move away! The goblin hits you but does no damage.
You closely miss the goblin. The quokka bites you.
* * * LOW HITPOINT WARNING * * *
The goblin misses you. The quokka attacks as you move away!
The quokka barely misses you. The quokka misses you. The quokka misses you.
The quokka attacks as you move away! The quokka barely misses you.
The quokka attacks as you move away! The quokka completely misses you.
A rat comes into view.
The quokka attacks as you move away! The quokka barely misses you.
The quokka misses you. The quokka closely misses you. The quokka bites you.
* * * LOW HITPOINT WARNING * * *
The goblin hits you with a +0 dagger.
* * * LOW HITPOINT WARNING * * *
The quokka barely misses you. The quokka attacks as you move away!
The quokka bites you.
You die...

#...... #.# ##...... #.# #
..... #.# ###..# #.##
.....# #@g##### ##...#
##r....#### .....#
#r........ ♣....##
#.r..#[#.#..# ♣.....#
#.##.......## ♣.♣♣.># .
...#.#.#.# .∩♣♣......
......w..## ..∩♣♣.####
.#.#.#...
..∩♣♣....>................


You could see 2 quokkas and a goblin.

Vanquished Creatures
  A quokka (D:1)
  A frilled lizard (D:1)
2 creatures vanquished.

Notes
Turn   | Place    | Note
-------+----------+-------------------------------------------
     0 | D:1      | nihil the Kobold Brigand began the quest for the Orb.
     0 | D:1      | Reached XP level 1. HP: 12/12 MP: 1/1
   312 | D:1      | Slain by a quokka

Illustrated notes

Levels and vault maps discovered:
D:1:      heliophobic_arrival_henge, layout_loops_cross,
          serial_co_window_serial, co_window_cross_1, co_window_corner_a,
          co_window_paths_a, co_window_of_opportunity_a, co_window_corner_a,
          co_window_paths_a, co_window_broadway_b, co_window_broadway_c,
          co_window_2corner, co_window_corner_b, glass_columns_c,
          glass_columns_b, glass_columns_a, glass_columns_b, glass_columns_a

Action                     || total
---------------------------++-------
  Melee: Dagger            ||     3
   Stab: Sleeping          ||     2
 Armour: Robe              ||     2
  Dodge: Dodged            ||    19
